 Dungeon Crawl Stone Soup version 0.26-a0-682-g294304f6e8 (webtiles) character file.

Game seed: 4724345267284179565

(classic levelgen) 22 EnegeticOcto the Digger (level 3, -5/21 HPs)
             Began as a Halfling Earth Elementalist on Oct 20, 2020.
             Killed by divine providence
             ... invoked by an orc priest
              (11 damage)
             ... on level 3 of the Dungeon.
             The game lasted 00:01:47 (367 turns).

EnegeticOcto the Digger (HaEE)                       Turns: 367, Time: 00:01:47

Health: -5/21      AC:  2    Str:  9    XL:     3   Next: 7%
Magic:  5/5        EV: 15    Int: 14    God:
Gold:   30         SH:  0    Dex: 14    Spells: 4/5 levels left

rFire    x . .     SeeInvis .   l - +1 dagger (venom)
rCold    + . .     Faith    .   (shield restricted)
rNeg     . . .     Spirit   .   c - +0 robe
rPois    .         Reflect  .   (no helmet)
rElec    .         Harm     .   (no cloak)
rCorr    .         Rampage  .   (no gloves)
MR       .....                  (no boots)
Stlth    ++........             (no amulet)
HPRegen  0.07/turn              i - ring of ice
MPRegen  0.09/turn              (no ring)

@: no status effects
A: small, mutation resistance 1
a: no special abilities


You were on level 3 of the Dungeon.
You visited 1 branch of the dungeon, and saw 5 of its levels.

You collected 30 gold pieces.

Inventory:

Hand Weapons
 d - a +0 club
 l - a +1 dagger of venom (weapon)
Missiles
 b - 23 stones (quivered)
 j - 4 poisoned darts
Armour
 c - a +0 robe (worn)
Jewellery
 i - a ring of ice (left hand)
Wands
 k - a wand of random effects (21)
Scrolls
 a - a scroll of remove curse {unknown}
 e - a scroll of immolation {unknown}
 g - 4 scrolls of identify {unknown}
 n - a scroll of teleportation {unknown}
Potions
 f - 2 potions of heal wounds {unknown}
 h - a potion of lignification {unknown}
 m - a potion of brilliance {unknown}


   Skills:
 - Level 2.1 Dodging
 - Level 2.1 Stealth
 - Level 1.5 Spellcasting
   Level 0.5 Transmutations
 + Level 4.0 Earth Magic


You had 4 spell levels left.
You knew the following spells:

 Your Spells              Type           Power        Failure   Level
a - Sandblast             Erth           ##....       4%          1

Your spell library contained the following spells:

 Spells                   Type           Power        Failure   Level
 Passwall                 Tmut/Erth      #.......     14%         2
 Stone Arrow              Conj/Erth      #.....       32%         3
 Petrify                  Tmut/Erth      #.......     67%         4
 Lee's Rapid Deconstruct  Erth           ##........   78%         5


Dungeon Overview and Level Annotations

Branches:
Dungeon (5/15)
 Temple: D:4-7

Altars:


Innate Abilities, Weirdness & Mutations

You are small and have problems with some larger weapons.
You are somewhat resistant to further mutation.


Message History

You climb upwards.
Found a glowing dagger.
There is a stone staircase leading down here. 2 jackals come into view.
A jackal comes into view.
You see here a glowing dagger.
Your +1 dagger of venom begins to drip with poison!
l - a +1 dagger of venom (weapon)
The jackal closely misses you. x2
You closely miss the jackal. The jackal barely misses you.
You hit the jackal.
The jackal is heavily wounded.
The jackal barely misses you.
You hit the jackal.
The jackal is poisoned.
The jackal is severely wounded.
You kill the jackal!
No target in view!
You see here a jackal corpse.
You hit the jackal but do no damage.
The jackal is poisoned.
The jackal barks!
You hear a bark!
You barely miss the jackal.
A jackal comes into view.
The jackal closely misses you.
You hit the jackal.
The jackal is poisoned.
The jackal is moderately wounded.
The jackal bites you.
You hit the jackal.
You kill the jackal!
The jackal barely misses you.
You hit the jackal.
The jackal is poisoned.
The jackal is almost dead.
You kill the jackal!
The jackal closely misses you.
You hit the jackal.
The jackal looks as sick as possible!
The jackal is severely wounded.
The jackal completely misses you.
You closely miss the jackal.
The jackal is almost dead.
You kill the jackal!
Your Earth Magic skill increases to level 4!
You have reached level 3!
Your experience leads to an increase in your attributes!
Increase (s)trength, (i)ntelligence, or (d)exterity?
You feel clever.
Things that are here:
a jackal corpse; a jackal corpse As you open the door, it creaks loudly!
There is an open door here.
Found a golden potion.
Found a stone staircase leading up.
m - a golden potion You open the door.
There is an open door here.
Found a whip.
You open the door.
Found a stone staircase leading up.
There is an open door here.
Found a scroll labeled INKIEM YHASI and a peridot ring.
There is a stone staircase leading up here.
You climb upwards.
A hobgoblin comes into view. It is wielding a +0 club.
Found 2 scrolls labeled GAGOIT UTYMACAUT and 22 arrows.
There is a stone staircase leading down here.
You hit the hobgoblin.
The hobgoblin is poisoned.
The hobgoblin is severely wounded.
The hobgoblin hits you with a +0 club.
You closely miss the hobgoblin.
The hobgoblin is almost dead.
You kill the hobgoblin!
No target in view!
Things that are here:
a +0 club; a hobgoblin corpse
g - 3 scrolls labeled GAGOIT UTYMACAUT (gained 1)
Found an arbalest.
Found 14 gold pieces.
g - 4 scrolls labeled GAGOIT UTYMACAUT (gained 1)
Found a scroll labeled KONECK UHEZ and 19 sling bullets.
You see here 14 gold pieces.
You now have 30 gold pieces (gained 14).
The orc shouts!
The orc priest shouts!
You hit the orc.
The orc is poisoned.
The orc is moderately wounded.
The orc closely misses you. The orc wizard casts a spell at you.
The puff of flame misses you. The orc closely misses you.
You see here a scroll labeled KONECK UHEZ.
n - a scroll labeled KONECK UHEZ The orc barely misses you.
The orc priest invokes the aid of Beogh against you.
Beogh smites you!
Ouch! That really hurt!
* * * LOW HITPOINT WARNING * * *
The orc priest looks braver for a moment.
The orc completely misses you.
The orc priest invokes the aid of Beogh against you.
Beogh smites you!
Ouch! That really hurt!
You die...

#.........<....##........
#.......#...##.........(..
#.......#...# ##...........
###...........# #............
...>......##...##.#.........#.
.........#####.##.............
.†......)..o...##...........#
.....................)......#
.......#######.o@...........#
.......# #o.#...........#
............o..####.........#
.....(#.....#.. ##........##
....(##.......##..........#######
...... .....# #####.#....#......
.....## ....# #.........(... ....
###.)..>...... ... ####........


You could see 2 orc priests, an orc wizard and an orc (very poisoned).

Vanquished Creatures
  2 dart slugs
  A leopard gecko (D:1)
  2 giant cockroaches
  2 hobgoblins
  4 jackals (D:4)
  2 kobolds
  2 rats (D:2)
15 creatures vanquished.

Notes
Turn   | Place    | Note
-------+----------+-------------------------------------------
     0 | D:1      | EnegeticOcto the Halfling Earth Elementalist began the
                  | quest for the Orb.
     0 | D:1      | Reached XP level 1. HP: 11/11 MP: 3/3
   134 | D:1      | Reached XP level 2. HP: 12/17 MP: 0/4
   243 | D:5      | Entered Level 5 of the Dungeon
   306 | D:4      | Reached skill level 4 in Earth Magic
   306 | D:4      | Reached XP level 3. HP: 17/21 MP: 5/5
   367 | D:3      | Killed from afar by an orc priest

Illustrated notes

Levels and vault maps discovered:
D:1:      wheals_arrival_linesprint, layout_loops_ring, st_stairs_11
D:2:      layout_loops_ring, corexii_item_surrounded_by_moat
D:3:      layout_rooms
D:4:      layout_gridville, fedhas_altar_2, uniq_menkaure
D:5:      layout_loops_corners, nicolae_ru_sacrificial_ziggurat, uniq_ijyb

Skill      XL: |  1  2 |
---------------+-------+-----
Earth Magic    | 4 |  4.0
Dodging        | |  2.1
Stealth        | |  2.1
Spellcasting   | |  1.5
Transmutations | |  0.5

Action                   || total
-------------------------++-------
Melee: Club              ||    17
       Dagger            ||    13
 Cast: Sandblast         ||    10
Armor: Robe              ||     3
Dodge: Dodged            ||    27

Table legend: (Time is in decaauts)
 A = Elapsed time spent in this place.
 B = Non-inter-level travel time spent in this place.
 C = Inter-level travel time spent in this place.
 D = Time resting spent in this place.
 E = Time spent auto-exploring this place.
 F = Levels seen in this place.
 G = Mean time per level.
                   A        B        C        D        E       F      G
               +--------+--------+--------+--------+--------+-----+--------+
         Total |    370 |    356 |     14 |      0 |      0 |   5 |   74.0 |
       Dungeon |    370 |    356 |     14 |      0 |      0 |   5 |   74.0 |
               +--------+--------+--------+--------+--------+-----+--------+

Top non-repeatable levels by time:
     D:1: 142 daAuts
     D:4: 77 daAuts
     D:3: 61 daAuts
     D:2: 46 daAuts
     D:5: 42 daAuts
